 Dungeon Crawl Stone Soup version 0.20-a0-892-gbf43aa3 (webtiles) character file.

21 Foodle the Cutter (level 3, 0/21 HPs)
             Began as a Kobold Skald on Mar 16, 2017.
             Succumbed to an adder's poison
             ... on level 2 of the Dungeon.
             The game lasted 00:04:45 (1410 turns).

Foodle the Cutter (Kobold Skald)                    Turns: 1410, Time: 00:04:45

Health: 0/21       AC:  4    Str:  8    XL:     3   Next: 5%
Magic:  6/6        EV: 14    Int: 14    God:
Gold:   34         SH:  0    Dex: 15    Spells: 5/6 levels left

rFire    . . .     SeeInvis .   a - +0 short sword
rCold    . . .     Gourm    .   b - +0 leather armour
rNeg     . . .     Faith    .   (shield restricted)
rPois    .         Spirit   .   (no helmet)
rElec    .         Reflect  .   (no cloak)
rCorr    .         Harm     .   (no gloves)
MR       .....                  i - +0 pair of boots
Stlth    +.........             (no amulet)
Regen    0.1/turn               (no ring)
MPRegen  0.1/turn               (no ring)

@: lethally poisoned (0 -> -11)
A: carnivore 3
a: no special abilities


You were on level 2 of the Dungeon.
You were full.

You visited 1 branch of the dungeon, and saw 2 of its levels.

You collected 34 gold pieces.

Inventory:

Hand Weapons
 a - a +0 short sword (weapon)
Armour
 b - a +0 leather armour (worn)
 i - a +0 pair of boots (worn)
Scrolls
 f - a scroll of fog {unknown}
 h - 2 scrolls of identify {unknown}
 j - a scroll of remove curse {unknown}
 k - 2 scrolls of enchant armour {unknown}
 l - a scroll of noise {unknown}
Potions
 e - a potion of flight {unknown}
Books
 c - a book of Battle

   Spells                             Type                      Level
   a - Infusion                       Charms                       1
   b - Shroud of Golubria             Charms/Translocation         2
   c - Song of Slaying                Charms                       2
   d - Spectral Weapon                Hexes/Charms                 3
   e - Regeneration                   Charms/Necromancy            3
Comestibles
 d - a meat ration
 g - 2 royal jellies


   Skills:
 - Level 2.1 Fighting
 * Level 4.4 Short Blades
 - Level 0.7 Armour
 - Level 2.4 Dodging
 - Level 2.1 Spellcasting
 - Level 2.4 Charms


You had 5 spell levels left.
You knew the following spells:

 Your Spells              Type           Power        Failure   Level  Hunger
a - Infusion              Chrm           #...         14%         1    #......


Dungeon Overview and Level Annotations

Branches:
Dungeon (2/15)

Altars:


Innate Abilities, Weirdness & Mutations

You are small and have problems with some larger weapons.
You are carnivorous and can eat meat at any time.


Message History

The adder barely misses you.
You miss the adder.
The adder is almost dead.
The adder barely misses you. The adder closely misses you.
You hit the adder but do no damage.
The adder is almost dead.
* * * LOW HITPOINT WARNING * * *
You feel sick. The adder bites you.
* * * LOW HITPOINT WARNING * * *
You are more poisoned.
The adder poisons you!
You closely miss the adder.
The adder is almost dead.
The adder bites you.
* * * LOW HITPOINT WARNING * * *
You miss the adder.
The adder is almost dead.
* * * LOW HITPOINT WARNING * * *
You feel sick. The adder misses you.
You die...

##...##<.##.##..#
##<###.........##
#.# ##.##......# #.#
#.#####.#.# ##'##
#.......#.#
##...###########.#
##.....## #.#
#.......## #.#
#........@####...#.#
+.........'Sl......#
#.........####...#
##...(...## #
##.....## ##...##
....# ##.. #.


You could see an adder and a frilled lizard.

Vanquished Creatures
  2 leopard geckos (D:1)
  2 giant cockroaches (D:1)
  6 goblins (D:1)
  2 hobgoblins (D:1)
  3 bats (D:1)
  A frilled lizard (D:1)
  A kobold (D:1)
  A rat (D:1)
18 creatures vanquished.

Notes
Turn   | Place    | Note
-------+----------+-------------------------------------------
     0 | D:1      | Foodle the Kobold Skald began the quest for the Orb.
     0 | D:1      | Reached XP level 1. HP: 12/12 MP: 3/3
   139 | D:1      | Reached skill level 3 in Short Blades
   318 | D:1      | Reached XP level 2. HP: 9/17 MP: 5/5
   723 | D:1      | Reached skill level 4 in Short Blades
  1026 | D:1      | Reached XP level 3. HP: 16/21 MP: 6/6
  1409 | D:2      | HP: 1/21 [poisoned by an adder]
  1410 | D:2      | Succumbed to an adder's poison

Vault maps used:
D:1:      lemuel_arrival_tunnels, minmay_misc_feat_nine_boxes,
          serial_bayou_lagoon_a
D:2:      ashenzari_altar_1, first_bread

Skill      XL: |  1  2 |
---------------+-------+-----
Short Blades   | 3 4 |  4.4
Fighting       | |  2.1
Armour         | |  0.7
Dodging        | |  2.4
Spellcasting   | |  2.1
Charms         | |  2.4

Action                   || total
-------------------------++-------
Melee: Short sword       ||    98
  Eat: Chunk             ||     6
Armor: Leather armour    ||    23
Dodge: Dodged            ||    64
